 Dungeon Crawl Stone Soup version 0.32-a0-519-g08f29ac1c3 (webtiles) character file.

Game seed: 4586780763043266266

56 mopl the Chopper (level 4, 0/33 HPs)
             Began as a Formicid Warper on Feb 28, 2024.
             Slain by a brain worm (2 damage)
             ... in a sewer.
             The game lasted 00:03:46 (1632 turns).

mopl the Chopper (Formicid Warper)                  Turns: 1632, Time: 00:03:46

Health: 0/33       AC:  5    Str: 16    XL:     4   Next: 17%
Magic:  7/7        EV: 11    Int: 14    God:
Gold:   83         SH:  0    Dex: 13    Spells: 5/7 levels left

rFire   . . .        a - +0 hand axe
rCold   . . .        (no shield)
rNeg    . . .        f - +0 ring mail
rPois   .            (helmet unavailable)
rElec   .            (no cloak)
rCorr   .            (no gloves)
SInv    +            (no boots)
Will    .....        (no amulet)
Stlth   +            k - ring of flight
HPRegen 0.25/turn    (no ring)
MPRegen 0.10/turn

%: no passive effects
@: flying
A: permanent stasis, dig shafts and tunnels, antennae 3, four strong arms
a: Dig


You were in a sewer.
You visited 1 branch of the dungeon, and saw 3 of its levels.
You also visited: Sewer.

You collected 83 gold pieces.

Inventory:

Hand Weapons
 a - a +0 hand axe (weapon)
 j - a +0 glaive
Missiles
 c - 7 darts of dispersal (quivered)
Armour
 f - a +0 ring mail (worn)
 i - a +0 plate armour
Jewellery
 k - a ring of flight (left hand)
Scrolls
 b - 2 scrolls of identify {unknown}
 d - 2 scrolls of immolation {unknown}
 e - 2 scrolls of teleportation {unknown}
 h - a scroll of noise {unknown}
 l - a scroll of blinking {unknown}
 m - a scroll of vulnerability {unknown}
Potions
 g - a potion of might {unknown}
 o - a potion of haste {unknown}
 p - a potion of magic


   Skills:
 - Level 2.1 Fighting
 * Level 3.4 Axes
 - Level 1.0 Throwing
 - Level 1.1 Armour
 - Level 1.7 Dodging
 + Level 2.3 Spellcasting
 + Level 3.2 Translocations


You had 5 spell levels left.
You knew the following spells:

 Your Spells              Type           Power      Damage    Failure   Level
a - Lesser Beckoning      Tloc           20%        N/A       17%         2

Your spell library contained the following spells:

 Spells                   Type           Power      Damage    Failure   Level
 Momentum Strike          Conj/Tloc      12%        3d8       34%         2
 Teleport Other           Tloc           10%        N/A       34%         3
 Manifold Assault         Tloc           10%        N/A       75%         4
 Fugue of the Fallen      Necr           1%         N/A       78%         3
 Ozocubu's Armour         Ice            1%         N/A       78%         3
 Blink                    Tloc           Unusable   N/A       N/A         2
 Vhi's Electric Charge    Tloc/Air       Unusable   N/A       N/A         4

Dungeon Overview and Level Annotations

Branches:
Dungeon (3/15)              Sewer (1/1)

Altars:

Shops:
D:1 *

Annotations:
D:2 Sigmund


Innate Abilities, Weirdness & Mutations

You cannot be hasted, slowed, berserked, paralysed or teleported.
You can dig through walls and to a lower floor.
You have a pair of large antennae on your head. (SInv)
Your four strong arms can wield two-handed weapons with a shield.


Message History

The adder barely misses you.
You feel better. The adder bites you but does no damage.
It was a potion of magic.
Magic courses through your body. The adder bites you but does no damage.
You hit the adder but do no damage. The adder closely misses you.
The adder bites you but does no damage.
You closely miss the adder. The adder closely misses you.
You barely miss the adder. The adder closely misses you.
You closely miss the adder. The adder closely misses you.
The adder bites you but does no damage.
You hit the adder.
The adder is moderately wounded.
The adder bites you.
You are poisoned.
The adder poisons you! Something gnaws on your mind!
You feel your power leaking away.
You miss the adder.
The adder is moderately wounded.
You feel sick. The adder bites you but does no damage. The adder misses you.
You hit the adder.
The adder is heavily wounded.
You feel sick.
You hit the brain worm.
The brain worm is lightly wounded.
You feel sick.
You slash the brain worm!
The brain worm is heavily wounded.
You feel sick. The brain worm bites you.
* * * LOW HITPOINT WARNING * * *
The brain worm barely misses you.
You barely miss the brain worm.
The brain worm is heavily wounded.
You feel sick.
The brain worm bites you but does no damage.
You hit the brain worm but do no damage.
The brain worm is heavily wounded.
You feel sick.
You are no longer poisoned.
The brain worm bites you.
You die...

#~# #~# #~# #~# #######.#######
.~w~~~~S~~~~~.~ .S.~~.SSl~~~.l.
#w# #@# #~# #~# #~# #~# #~# #~#
#†#
################.################


You could see a brain worm, an adder, 2 ball pythons and a frilled lizard.

Vanquished Creatures
  3 adders
  A ribbon worm (D:2)
  3 endoplasms
  A giant cockroach (D:2)
  A goblin (D:3)
  5 hobgoblins
  4 ball pythons
  2 bats
  3 frilled lizards (D:1)
  2 kobolds (D:1)
  4 rats
29 creatures vanquished.

Notes
Turn   | Place    | Note
-------+----------+-------------------------------------------
     0 | D:1      | mopl the Formicid Warper began the quest for the Orb.
     0 | D:1      | Reached XP level 1. HP: 16/16 MP: 3/3
   333 | D:1      | Found Quiffip's General Store.
   476 | D:1      | Reached XP level 2. HP: 18/22 MP: 5/5
   489 | D:1      | Learned a level 2 spell: Lesser Beckoning
   802 | D:1      | Found a faded altar of an unknown god.
   961 | D:2      | Reached skill level 3 in Translocations
  1066 | D:2      | Reached XP level 3. HP: 27/27 MP: 6/6
  1106 | D:2      | Reached skill level 3 in Axes
  1214 | D:2      | Noticed Sigmund
  1497 | D:3      | Found a glowing drain.
  1502 | Sewer    | Entered a sewer
  1526 | Sewer    | Reached XP level 4. HP: 23/33 MP: 7/7
  1611 | Sewer    | Noticed a brain worm
  1632 | Sewer    | Slain by a brain worm

Illustrated notes

Levels and vault maps discovered:
D:1:      amcnicky_arrival_blooded_trapdoor, layout_loops_corners,
          shapermc_ecumenical_altar_mp_vishouse, serial_shops,
          nicolae_shop_window_shopping
D:2:      layout_rooms, uniq_sigmund
D:3:      layout_basic, portal_sewer_entry_e, nicolae_titane
Sewer:    sewer_co_cracked_pipes

Skill      XL: |  1  2  3 |
---------------+----------+-----
Translocations | 3 |  3.2
Axes           | 3 |  3.4
Fighting       | |  2.1
Throwing       | |  1.0
Armour         | |  1.1
Dodging        | |  1.7
Spellcasting   | |  2.3

Action                     |  1- 3 |  4- 6 || total
---------------------------+-------+-------++-------
  Melee: Hand axe          |   135 |    17 ||   152
    Use: Potion            |       |     3 ||     3
 Armour: Ring mail         |    78 |    16 ||    94
         Leather armour    |     6 |       ||     6
  Dodge: Dodged            |    68 |     9 ||    77
         Repelled          |     1 |       ||     1

Table legend: (Time is in decaauts)
 A = Elapsed time spent in this place.
 B = Non-inter-level travel time spent in this place.
 C = Inter-level travel time spent in this place.
 D = Time resting spent in this place.
 E = Time spent auto-exploring this place.
 F = Levels seen in this place.
 G = Mean time per level.
                   A        B        C        D        E       F      G
               +--------+--------+--------+--------+--------+-----+--------+
         Total |   1655 |   1629 |     26 |     95 |    909 |   4 |  413.8 |
       Dungeon |   1522 |   1496 |     26 |     55 |    870 |   3 |  507.3 |
         Sewer |    132 |    132 |      0 |     40 |     39 |   1 |  132.0 |
               +--------+--------+--------+--------+--------+-----+--------+

Top non-repeatable levels by time:
     D:1: 944 daAuts
     D:2: 307 daAuts
     D:3: 271 daAuts
   Sewer: 132 daAuts
